[Event "Late-Titled-Tuesday-Blitz-March-12-2024"]
[Site "Chess.com"]
[Date "2024.03.12"]
[Round "8"]
[White "Alphafischer2019"]
[Black "IlyaGrigorjev"]
[Result "1-0"]
[WhiteElo "2761"]
[BlackElo "2916"]
[TimeControl "180+1"]
[EndTime "15:27:19 PDT"]
[Termination "Alphafischer2019 won on time"]

1. Nf3 Nf6 2. g3 g6 3. b3 Bg7 4. Bb2 d5 5. Bg2 c5 6. O-O O-O 7. c4 d4 8. b4 Re8 9. bxc5 e5 10. d3 Nbd7 11. Nbd2 Nxc5 12. Ba3 Qa5 13. Qc1 Na4 14. Nb3 Qc7 15. Bb4 Bd7 16. Qa3 Nc3 17. Rfe1 Qd8 18.
Nc5 Bc6 19. Qb2 e4 20. Nxd4 Qxd4 21. Bxc3 Qxc5 22. Bxf6 e3 23. f4 Bxf6 24. Qxf6 Bxg2 25. Kxg2 Re6 26. Qc3 Qc6+ 27. Kg1 Rc8 28. Qd4 h5 29.
Rf1 h4 30. Rf3 Rce8 31. Rb1 h3 32. g4 Rd6 33. Qc3 Qd7 34. Kh1 Qxg4 35. Rg1 Qh4 36.
Rgg3 Rb6 37. Rxh3 Rb1+ 38. Kg2 Qg4+ 39. Rhg3 Qf5 40. Rg5 Qd7 41. Rh3 Rg1+ 42. Kxg1 Qxh3 43. Rg3 Qh4 44. Qd4 Qe7 45. Kg2 Qa3 46. Rh3 f6 47.
Qxf6 1-0

[Event "Late-Titled-Tuesday-Blitz-March-12-2024"]
[Site "Chess.com"]
[Date "2024.03.12"]
[Round "8"]
[White "ChessSwole"]
[Black "Cmorales2001"]
[Result "1-0"]
[WhiteElo "2671"]
[BlackElo "2374"]
[TimeControl "180+1"]
[EndTime "15:27:20 PDT"]
[Termination "ChessSwole won by resignation"]

1. e4 c6 2. d4 d5 3. Nc3 dxe4 4. Nxe4 Nf6 5. Nxf6+ exf6 6. c3 Bd6 7. Bd3 O-O 8. Qc2 g6 9. Ne2 Na6 10. Be3 Nc7 11.
O-O-O Nd5 12. Bh6 Re8 13. h4 Bg4 14. f3 Bd7 15. Qd2 Qa5 16. Kb1 Nb6 17. Bf4 Bf5 18. Bxd6 Nc4 19. Qc2 Bxd3 20. Qxd3 Nxd6 21. Ng3 Qb5 22.
Qxb5 cxb5 23. Rhe1 f5 24. Re5 a6 25. Kc2 Nc4 26. Rxe8+ Rxe8 27. Kb3 Kg7 28. a4 Na5+ 29. Kb4 Nc6+ 30. Kc5 bxa4 31. d5 Ne5 32. Kb6 Re7 33.
Rd4 Rd7 34. c4 Kf6 35. c5 h5 36. d6 Ke6 37. Ne2 Nc6 38. Nf4+ Ke5 39. Rxa4 Nd4 40. Nd3+ Kd5 41. Nb4+ Ke5 42. Ra1 Ne6 43. Re1+ Kd4 44. Rd1+ Kc4 45. Nd3 Nxc5 46. Nxc5 Rd8 47. d7 1-0

[Event "Late-Titled-Tuesday-Blitz-March-12-2024"]
[Site "Chess.com"]
[Date "2024.03.12"]
[Round "8"]
[White "ameetghasi100"]
[Black "N_Mullodzhanov"]
[Result "1-0"]
[WhiteElo "2790"]
[BlackElo "2517"]
[TimeControl "180+1"]
[EndTime "15:27:21 PDT"]
[Termination "ameetghasi100 won by checkmate"]

1. Nf3 d5 2. b3 Nf6 3. Bb2 g6 4. g3 Bg7 5. Bg2 O-O 6. O-O c5 7. Ne5 Nbd7 8. Nxd7 Bxd7 9. e3 Bc6 10. Nc3 b5 11. Ne2 Qc7 12. d4 c4 13. Nf4 e6 14.
Re1 b4 15. a3 c3 16. Bc1 a5 17. Nd3 Qb6 18. Ne5 Bb5 19. a4 Be8 20. g4 Nd7 21.
Nd3 f5 22. h3 Nf6 23. f3 h5 24. g5 Nd7 25. Kh1 Qd8 26. e4 Bxd4 27. exd5 exd5 28.
Nf4 Be5 29. Ne6 Qe7 30. Nxf8 Qxf8 31. Qxd5+ Bf7 32. Qxd7 Rd8 33. Qb5 Bg3 34. Be3 Rd5 35.
Qf1 Bxe1 36. Rxe1 Qd6 37. f4 Rd2 38. Bxd2 Qxd2 39. Re2 Qd4 40. Qf2 Qd1+ 41. Re1 Qd7 42. Qe3 h4 43. Kh2 Kg7 44. Qe5+ Kh7 45. Qf6 Qc7 46. Re5 Kg8 47. Qe7 Qb8 48. Qd7 Bxb3 49. Re8+ Qxe8 50. Qxe8+ Kg7 51. Qe5+ Kg8 52. cxb3 c2 53.
Qb8+ Kh7 54. Qc7+ Kh8 55. Qxc2 Kg7 56. Qc7+ Kh8 57. Qe5+ Kh7 58. Qxa5 Kg7 59. Qxb4 Kh7 60. Qd6 Kg7 61. Qf6+ Kg8 62. Qe7 Kh8 63. a5 Kg8 64. a6 Kh8 65. a7 Kg8 66. a8=Q# 1-0

[Event "Late-Titled-Tuesday-Blitz-March-12-2024"]
[Site "Chess.com"]
[Date "2024.03.12"]
[Round "8"]
[White "ITheOnlyME"]
[Black "mightysmasher"]
[Result "0-1"]
[WhiteElo "2413"]
[BlackElo "2600"]
[TimeControl "180+1"]
[EndTime "15:27:21 PDT"]
[Termination "mightysmasher won by resignation"]

1. d4 d5 2. Bf4 Nf6 3. e3 e6 4. Nf3 Bd6 5. Bg3 O-O 6. Bd3 b6 7. Qe2 Bb7 8. Nbd2 Ne4 9. Ne5 Nd7 10. Nef3 f5 11. c4 Qe7 12. a3 a5 13. Bxd6 Qxd6 14. cxd5 exd5 15. Rc1 c6 16. O-O Rae8 17. Ba6 Ba8 18. Nxe4 fxe4 19. Nd2 b5 20. a4 b4 21. Nb3 Rf6 22. Nxa5 Rh6 23. g3 Qe6 24. Bb7 Bxb7 25.
Nxb7 Nf6 26. f4 exf3 27. Rxf3 Ng4 28. Nc5 Qg6 29. Rcf1 Rxh2 30. Qxh2 Nxh2 31. Kxh2 h6 32. a5 Qc2+ 33. R1f2 Qc1 34. a6 Qa1 35. b3 Re7 36. Kg2 Qe1 37. Nd3 Qa1 38. Nc5 Ra7 39. Rf8+ Kh7 40.
R8f7 Rxa6 41. Nxa6 Qxa6 42. Rc7 Kg8 43. Kh3 Qa1 44. Kg2 Qe1 45. Rxc6 Qxe3 46. Rc8+ Kh7 47. Rd8 Qxd4 48. Rd7 Kg8 49. Rff7 Qe4+ 50. Kh3 Qe6+ 51. Kg2 Qxf7 0-1

[Event "Late-Titled-Tuesday-Blitz-March-12-2024"]
[Site "Chess.com"]
[Date "2024.03.12"]
[Round "8"]
[White "MyDream003"]
[Black "Fandorine"]
[Result "1-0"]
[WhiteElo "2784"]
[BlackElo "2943"]
[TimeControl "180+1"]
[EndTime "15:27:23 PDT"]
[Termination "MyDream003 won by resignation"]

1. e4 e5 2. Nf3 Nc6 3. Bb5 a6 4. Ba4 Nf6 5. O-O Be7 6. Re1 b5 7. Bb3 O-O 8. a4 Rb8 9. axb5 axb5 10. d3 d6 11. h3 h6 12. Nc3 Re8 13. Nd5 Be6 14.
Bd2 Bf8 15. Ra6 Bxd5 16. exd5 Ne7 17. c4 Qc8 18. Ra7 Ra8 19. Rxa8 Qxa8 20. Qc2 bxc4 21. dxc4 Rb8 22. Ba4 c6 23. dxc6 Nxc6 24. Bxc6 Qxc6 25. b4 Rc8 26. Rc1 Ne4 27. Be3 d5 28. Nxe5 Qe6 29.
cxd5 Rxc2 30. dxe6 Rxc1+ 31. Bxc1 fxe6 32. b5 Bc5 33. Be3 Bxe3 34. fxe3 Nc5 35. Kf2 Kf8 36. Kf3 Ke7 37. Kg4 Kd6 38. Nf3 Ne4 39. Kh5 Nc3 40. Kg6 Nxb5 41. Kxg7 Nc3 42. Kxh6 Nd5 43. e4 Nf4 44. h4 Nxg2 45. h5 Nf4 46. Kg5 Nh3+ 47. Kf6 Nf2 48. h6 Ng4+ 49. Kg7 1-0

[Event "Late-Titled-Tuesday-Blitz-March-12-2024"]
[Site "Chess.com"]
[Date "2024.03.12"]
[Round "8"]
[White "jinxy2009"]
[Black "Divljasvinja14"]
[Result "1-0"]
[WhiteElo "2248"]
[BlackElo "2479"]
[TimeControl "180+1"]
[EndTime "15:27:23 PDT"]
[Termination "jinxy2009 won on time"]

1. e4 c5 2. Nf3 Nc6 3. d4 cxd4 4. Nxd4 Qb6 5. Nb3 Nf6 6. Qe2 e6 7. Nc3 Bb4 8. Bd2 d5 9. e5 Nd7 10. f4 a5 11. a4 Nc5 12. Nxc5 Bxc5 13. Nb5 Nd4 14.
Nxd4 Bxd4 15. Qb5+ Bd7 16. Qxb6 Bxb6 17. Bd3 Ke7 18. b3 Rhc8 19. Ke2 Bd4 20. Raf1 b6 21. h3 Rc7 22. Be3 Bxe3 23. Kxe3 Rc3 24. Kd4 Rac8 25. g4 R3c5 26. f5 b5 27. axb5 Bxb5 28. f6+ gxf6 29. Rxf6 Bxd3 30. cxd3 R5c7 31. Rhf1 Rf8 32. Ra1 Ra7 33.
b4 a4 34. b5 a3 35. Kc5 Rb8 36. d4 a2 37. Rf2 Ra5 38. Rb2 Kd7 39. Raxa2 Rbxb5+ 40. Rxb5 Rxa2 41. Rb7+ Ke8 42. Rb8+ Ke7 43.
Rh8 Rc2+ 44. Kb6 Rc4 45. Rxh7 Rxd4 46. g5 Kf8 47. Kc6 Kg8 48. Rh6 Kg7 49. h4 Ra4 50. h5 Rg4 51. Rf6 Rxg5 52. h6+ Kg8 53. Kd6 Rh5 54. Ke7 d4 55. Rxf7 Rxh6 56. Rf6 Rh7+ 57. Kxe6 d3 58. Rf2 Rh6+ 59. Kd7 Rh7+ 60. Kd6 Rh4 61.
e6 1-0

[Event "Late-Titled-Tuesday-Blitz-March-12-2024"]
[Site "Chess.com"]
[Date "2024.03.12"]
[Round "8"]
[White "MatthewG-p4p"]
[Black "vi_pranav"]
[Result "0-1"]
[WhiteElo "2910"]
[BlackElo "3049"]
[TimeControl "180+1"]
[EndTime "15:27:26 PDT"]
[Termination "vi_pranav won on time"]

1. e4 e5 2. Nf3 Nc6 3. d4 exd4 4.
c3 d3 5. Bxd3 d6 6. O-O Nf6 7.
h3 Be7 8. Nbd2 O-O 9. Re1 Re8 10. Nc4 Bf8 11. Bg5 h6 12. Bh4 Be6 13. Qc2 Be7 14. Rad1 Nd7 15. Bg3 Bf6 16. b4 a6 17. a4 b5 18. Ne3 bxa4 19. Qxa4 Ne7 20. e5 dxe5 21. Be4 Rb8 22. Qxa6 Rb6 23. Qa4 Qc8 24. Nd5 Nxd5 25. Bxd5 Bxd5 26. Rxd5 Nf8 27. Nxe5 Rbe6 28. f4 Ng6 29.
Qd7 Bxe5 30. fxe5 Qb7 31. Rc5 R8e7 32. Qd8+ Kh7 33. Qd3 Ra6 34. h4 Ra2 35. Re2 Rd7 36.
Qe3 Rd1+ 37. Kh2 Raa1 38. Be1 Kg8 0-1

[Event "Late-Titled-Tuesday-Blitz-March-12-2024"]
[Site "Chess.com"]
[Date "2024.03.12"]
[Round "8"]
[White "Sina_Movahed"]
[Black "JSPrepz"]
[Result "1-0"]
[WhiteElo "3035"]
[BlackElo "2835"]
[TimeControl "180+1"]
[EndTime "15:27:29 PDT"]
[Termination "Sina_Movahed won by checkmate"]

1. e4 e5 2. Nf3 Nc6 3. Bb5 f5 4.
d3 fxe4 5. dxe4 Nf6 6. O-O Bc5 7. Bxc6 bxc6 8. Nxe5 O-O 9. Nc3 d6 10. Na4 Qe8 11.
Nd3 Bg4 12. Qe1 Bd4 13. c3 Bb6 14. Nxb6 axb6 15. f3 Be6 16. a3 Bc4 17. Qd1 c5 18. b3 Ba6 19. c4 b5 20. cxb5 Qxb5 21. Nf4 Qxf1+ 22. Qxf1 Bxf1 23. Kxf1 Rfb8 24. Rb1 Ra7 25. Nd3 Rab7 26. b4 c4 27. Nf4 c5 28. Bd2 cxb4 29. Bxb4 Nxe4 30. Rc1 Rf7 31. Ne2 d5 32. Rd1 Nf6 33. Kf2 Ng4+ 34. Kg1 Ne3 35. Rd2 Rc8 36.
Kf2 Ng4+ 37. Kg1 Nf6 38. Nd4 Rd7 39. Nf5 Re8 40. Nd4 Re1+ 41. Kf2 Ra1 42. Re2 Kf7 43.
g4 g6 44. h4 Rd1 45. Nc6 Rc7 46. Nd8+ Kg8 47. g5 Ne4+ 48. fxe4 d4 49. Kg2 Rd7 50.
Nc6 c3 51. Ne5 d3 52. Rf2 c2 53. Nxd7 c1=Q 54. Nf6+ Kg7 55. Ne8+ Kg8 56. Rf8# 1-0

[Event "Late-Titled-Tuesday-Blitz-March-12-2024"]
[Site "Chess.com"]
[Date "2024.03.12"]
[Round "8"]
[White "KaydenTroffChess"]
[Black "reevecanada"]
[Result "1-0"]
[WhiteElo "2820"]
[BlackElo "2643"]
[TimeControl "180+1"]
[EndTime "15:27:30 PDT"]
[Termination "KaydenTroffChess won by checkmate"]

1. d4 Nf6 2. Nf3 g6 3. Bg5 Bg7 4. Nc3 d5 5. Bxf6 exf6 6. g3 f5 7. Bg2 O-O 8. h4 c6 9. e3 Re8 10. O-O Nd7 11. Rc1 h5 12. Ne2 Nf6 13. Nf4 Bh6 14.
Ne5 Nd7 15. Ned3 Nb6 16. b3 Be6 17. Nxe6 Rxe6 18. c4 Re7 19. Ne5 Nd7 20. cxd5 cxd5 21.
Bxd5 Nxe5 22. dxe5 Rxe5 23. Bxb7 Rb8 24. Bf3 Qa5 25.
Qd7 Rd8 26. Qc7 Qxc7 27. Rxc7 a5 28. Be2 Kf8 29. Rfc1 Rd2 30. R1c2 Rxc2 31. Rxc2 Kg7 32. Rc7 Kf6 33. Bc4 Re7 34. Rc6+ Kg7 35. Ra6 Re5 36. Ra7 g5 37. Rxf7+ Kg6 38. Ra7 gxh4 39. gxh4 Kf6 40.
Ra6+ Kg7 41. Kg2 f4 42. exf4 Bxf4 43. a3 Bc1 44. b4 Bxa3 45. Rxa5 Rxa5 46. bxa5 Bc5 47.
a6 Kf6 48. f4 Kf5 49. Kf3 Ba7 50. Bd3+ Kf6 51. Ke4 Bb6 52. f5 Bf2 53. Kd5 Ke7 54. Kc6 Kd8 55. Kb7 Kd7 56. a7 Bxa7 57. Kxa7 Kd6 58.
Kb7 Ke5 59. Kc6 Kf4 60. f6 Kg4 61. f7 Kxh4 62. f8=Q Kh3 63. Qf2 h4 64. Bf5# 1-0

[Event "Late-Titled-Tuesday-Blitz-March-12-2024"]
[Site "Chess.com"]
[Date "2024.03.12"]
[Round "8"]
[White "Byniolus"]
[Black "Machidon"]
[Result "0-1"]
[WhiteElo "2759"]
[BlackElo "2518"]
[TimeControl "180+1"]
[EndTime "15:27:33 PDT"]
[Termination "Machidon won on time"]

1. g3 d5 2. d3 e5 3. b3 c6 4. a3 Bd6 5. e3 Nf6 6. c3 O-O 7. f3 Re8 8. Ne2 e4 9. dxe4 dxe4 10. f4 a5 11. h3 a4 12. Nd2 axb3 13. Nxb3 Qe7 14. a4 Nbd7 15. Bg2 Nb6 16. a5 Nc4 17. O-O Bc7 18. Ned4 Nd5 19. Qe2 Nxa5 20. Ba3 Qf6 21. c4 Nxe3 22. Qxe3 Nxc4 23. Qc1 Nxa3 24. Rxa3 Rxa3 25. Qxa3 Bb6 26. Qb4 c5 27. Nxc5 Qd6 28. Ndb3 Be6 29. Kh2 Bxb3 30. Qb5 Bxc5 31. Qxe8+ Qf8 32.
Qxf8+ Bxf8 33. Bxe4 b5 34. Ra1 g6 35. Ra8 Kg7 36.
Rd8 Be7 37. Rd7 Kf8 38. Bd5 Bc2 39. Rb7 b4 40. Kg2 h5 41. g4 hxg4 42. hxg4 Bd1 43.
Kg3 Be2 44. f5 gxf5 45. gxf5 f6 46. Kh4 Bd1 47. Be6 Be2 48. Rb8+ Kg7 49. Rg8+ Kh7 0-1

[Event "Late-Titled-Tuesday-Blitz-March-12-2024"]
[Site "Chess.com"]
[Date "2024.03.12"]
[Round "8"]
[White "m_ezat"]
[Black "Roedor"]
[Result "1/2-1/2"]
[WhiteElo "2621"]
[BlackElo "2275"]
[TimeControl "180+1"]
[EndTime "15:27:33 PDT"]
[Termination "Game drawn - insufficient material"]

1. d3 g6 2. g3 Bg7 3. Bg2 Nf6 4. Nf3 O-O 5. O-O c5 6. Nbd2 Nc6 7. e4 d6 8. Re1 e5 9. c3 Rb8 10. a4 h6 11. Nc4 Be6 12. Ne3 a6 13. d4 cxd4 14.
cxd4 exd4 15. Nxd4 Nxd4 16. Qxd4 Ng4 17. Qd3 Ne5 18.
Qd1 Qb6 19. a5 Qc5 20. h3 Rfd8 21. Ra3 Nc4 22. Nxc4 Bxc4 23. Be3 Qb4 24. Bd4 d5 25. Bxg7 Kxg7 26. Ra4 Qxb2 27. exd5 Bb3 28. Rb4 Bxd1 29. Rxb2 Ba4 30. Re7 Bb5 31. Rc2 Re8 32. Rcc7 Rxe7 33.
Rxe7 Kf6 34. d6 Rd8 35. Rxb7 Rxd6 36. Rb6 Ke7 37. Rb7+ Rd7 38. Rb6 Rd6 39. f4 g5 40.
fxg5 hxg5 41. h4 Rd1+ 42. Kf2 Rd2+ 43. Kg1 gxh4 44. gxh4 Rd4 45. h5 Rh4 46. h6 f6 47.
h7 Rxh7 48. Rxb5 axb5 49. a6 Kd6 50. Bb7 Kc7 51. Be4 Re7 52. a7 Re8 53. a8=Q Rxa8 54.
Bxa8 Kd6 55. Be4 Ke5 56. Bb1 Kf4 57. Kf2 b4 58. Bc2 Kg4 59. Ke3 f5 60. Bxf5+ Kxf5 61. Kd4 Kf4 62. Kc4 Kf3 63. Kxb4 1/2-1/2

[Event "Late-Titled-Tuesday-Blitz-March-12-2024"]
[Site "Chess.com"]
[Date "2024.03.12"]
[Round "8"]
[White "yaguigor"]
[Black "scrambleyourbrain"]
[Result "0-1"]
[WhiteElo "2591"]
[BlackElo "2419"]
[TimeControl "180+1"]
[EndTime "15:27:34 PDT"]
[Termination "scrambleyourbrain won on time"]

1. Nf3 Nf6 2. c4 e6 3. Nc3 d5 4.
d4 dxc4 5. e3 a6 6. Bxc4 b5 7. Be2 Bb7 8. b3 Nbd7 9. Bb2 Be7 10. Rc1 O-O 11. O-O c5 12. Qc2 Rc8 13. Qb1 Qb6 14.
Rfd1 Rfd8 15. h3 Nf8 16. dxc5 Bxc5 17. Ng5 Bxe3 18. fxe3 Qxe3+ 19. Kh1 Qxg5 20. Bf1 Rxd1 21. Nxd1 Rxc1 22. Bxc1 Qg3 23. Kg1 Nd5 24. Qe4 Qc7 25. Bb2 f6 26. Nf2 Nf4 27. Qe3 Nd5 28. Qd2 e5 29.
Bd3 Nf4 30. Be4 Bxe4 31. Nxe4 Qc6 32. Nd6 Qd5 33. Qxd5+ Nxd5 34. Ne4 Ne6 35. Kf2 Kf7 36. Bc1 Ke7 37. Bd2 Kd7 38. g4 Kc6 39. h4 g6 40.
h5 f5 41. gxf5 gxf5 42. Ng3 f4 43. Ne4 h6 44. Kf3 Nd4+ 45. Kg4 Ne3+ 46. Kh4 Kd5 47.
Bxe3 fxe3 48. Nc3+ Ke6 49. Kg3 b4 50. Ne4 Kf5 51.
Nd6+ Kg5 52. Nf7+ Kxh5 53. Nxe5 Kg5 54. Nd3 a5 55. Nc5 h5 56. Ne4+ Kf5 57. Nd6+ Ke6 58.
Nc4 e2 59. Kf2 h4 60. Nxa5 h3 61. Nc4 h2 0-1

[Event "Late-Titled-Tuesday-Blitz-March-12-2024"]
[Site "Chess.com"]
[Date "2024.03.12"]
[Round "8"]
[White "lamomiajunior"]
[Black "tptagain"]
[Result "0-1"]
[WhiteElo "2783"]
[BlackElo "2971"]
[TimeControl "180+1"]
[EndTime "15:27:35 PDT"]
[Termination "tptagain won by resignation"]

1. d4 Nf6 2. c4 b6 3. f3 d5 4.
cxd5 Qxd5 5. Nc3 Qb7 6. e4 e6 7. Bb5+ Bd7 8. Bxd7+ Nbxd7 9. Nge2 c5 10. d5 exd5 11.
exd5 Bd6 12. O-O O-O 13. Ng3 Rfe8 14. Nge4 Be5 15. Kh1 Nxe4 16. Nxe4 Rad8 17. Bg5 f6 18. Bh4 Nf8 19. d6 Ng6 20. Qb3+ Qf7 21. Qxf7+ Kxf7 22. Bg3 Bxb2 23. Rad1 Bd4 24. a4 h6 25. a5 f5 26.
d7 Re6 27. Nd6+ Kf6 28. Ne8+ Kf7 29. Nd6+ Rxd6 30. Bxd6 Rxd7 31. Bg3 b5 32. a6 b4 33. Bf2 Ne5 34. Bxd4 Rxd4 35. Rxd4 cxd4 36. Rb1 Nd3 37. Rb3 Nc5 38. Rxb4 d3 39. Rd4 Ke6 40. f4 Nxa6 41.
Rxd3 Nc5 42. Ra3 a6 43. Kg1 Kd5 44. Kf2 Kc4 45. Ke3 Kb4 46. Ra1 a5 47. Rb1+ Nb3 48. Kd3 a4 49. Kc2 Kc4 50. Kb2 Nc5 51. Rd1 Nd3+ 52.
Ka3 Nxf4 53. Kxa4 g5 54. g3 Nd3 55. Ka5 f4 56. gxf4 gxf4 57. Kb6 f3 58. Kc6 Kd4 59.
Kd6 f2 60. Ke6 Ke3 61. Kf6 Ne1 0-1

[Event "Late-Titled-Tuesday-Blitz-March-12-2024"]
[Site "Chess.com"]
[Date "2024.03.12"]
[Round "8"]
[White "DryCounty"]
[Black "Zohid6"]
[Result "0-1"]
[WhiteElo "2660"]
[BlackElo "2894"]
[TimeControl "180+1"]
[EndTime "15:27:35 PDT"]
[Termination "Zohid6 won on time"]

1. e4 e5 2. Nf3 Nf6 3. Nxe5 d6 4. Nf3 Nxe4 5. d3 Nf6 6. d4 g6 7. c4 Bg7 8. Nc3 O-O 9. Be2 c5 10. d5 Bg4 11. O-O Re8 12. h3 Bxf3 13. Bxf3 Nbd7 14. Bf4 Ne5 15. Be2 a6 16. a4 Qb6 17. Qc2 Re7 18.
a5 Qc7 19. Bg5 h6 20. Bf4 Rae8 21. Rfd1 Qd7 22. Bf1 g5 23. Bh2 Nh5 24. Kh1 f5 25. Re1 Nf4 26. Bxf4 gxf4 27. Bd3 Rf8 28. Rad1 f3 29. g3 f4 30. g4 Nxg4 31. Re6 Rxe6 32. dxe6 Qxe6 33. Be4 Kh8 34. Bxf3 Ne5 35. Bg2 f3 36. Bf1 Nxc4 37. Ne4 Rf4 38. Ng3 Ne5 39. Kh2 Bf8 40. Qd2 Rh4 41. Qd5 Qxd5 42. Rxd5 Rb4 43.
Rd2 Kg7 44. Nf5+ Kf7 45. Nxd6+ Bxd6 46. Rxd6 Rxb2 47. Kg3 h5 48. Rd5 Ke6 49. Rxc5 h4+ 50. Kxh4 Rxf2 51. Bc4+ Kf6 52. Bd5 Rg2 53. Rc7 Rg5 0-1

[Event "Late-Titled-Tuesday-Blitz-March-12-2024"]
[Site "Chess.com"]
[Date "2024.03.12"]
[Round "8"]
[White "newyorkmouse"]
[Black "Igor_Lysyj"]
[Result "1/2-1/2"]
[WhiteElo "2586"]
[BlackElo "2810"]
[TimeControl "180+1"]
[EndTime "15:27:37 PDT"]
[Termination "Game drawn by repetition"]

1. e4 e5 2. Nf3 Nc6 3. Nc3 Nf6 4. Nxe5 Nxe5 5. d4 Ng6 6. e5 Ng8 7. Bc4 d5 8. Bxd5 N8e7 9. Bb3 c6 10. h4 Nf5 11. h5 Ngh4 12. g3 Be7 13. gxh4 h6 14.
Qg4 Nxd4 15. Qxg7 Rf8 16. Bxh6 Nf3+ 17. Ke2 Nd4+ 18. Ke1 Nxb3 19. axb3 Bf5 20. Rd1 Qb6 21. Be3 Qb4 22. h6 Qg4 23. Qxg4 Bxg4 24. Rd4 Bf5 25.
Ne4 Rd8 26. Nd6+ Bxd6 27. exd6 Kd7 28. c4 b6 29. Kd2 c5 30. Rf4 Ke6 31. Re1 Rxd6+ 32.
Bd4+ Kd7 33. Rxf5 Rxd4+ 34. Kc3 Rxh4 35. Rf6 Rh3+ 36. f3 Rh5 37. b4 cxb4+ 38. Kxb4 Rh4 39. b3 Rh3 40. Ra1 Ke7 41. Rc6 a5+ 42. Kb5 Rxf3 43. Kxb6 Rxb3+ 44. Kc7 Ra8 45. h7 f6 46. Rg1 Kf7 47.
Rf1 Kg7 48. Rfxf6 Kxh7 49. Rh6+ Kg7 50. Rhg6+ Kf7 51. Rcf6+ Ke7 52. Re6+ Kf7 53. Rgf6+ Kg7 54. Rg6+ Kf7 55. Ref6+ Ke7 56. Re6+ Kf7 1/2-1/2

[Event "Late-Titled-Tuesday-Blitz-March-12-2024"]
[Site "Chess.com"]
[Date "2024.03.12"]
[Round "8"]
[White "IMSlavin"]
[Black "corvachesky"]
[Result "1-0"]
[WhiteElo "2317"]
[BlackElo "2486"]
[TimeControl "180+1"]
[EndTime "15:27:37 PDT"]
[Termination "IMSlavin won by resignation"]

1. e4 c6 2. d4 d5 3. e5 c5 4. c4 e6 5. dxc5 Bxc5 6. cxd5 Qxd5 7. Qxd5 exd5 8. Nc3 Ne7 9. f4 Nbc6 10. Nf3 Bg4 11. Be2 O-O 12. a3 a5 13. h3 Bf5 14. Bd2 d4 15. Nb5 d3 16. Bd1 Rfd8 17. g4 Be4 18.
Rh2 Nd5 19. Rc1 Be3 20. Ng5 Bxf4 21. Bxf4 Nxf4 22. Nxe4 Nxe5 23. Rc7 b6 24. Ned6 Nd5 25. Rb7 Ne3 26. Rd2 N3c4 27. Nxc4 Nxc4 28. Rf2 d2+ 29. Ke2 Re8+ 30. Kd3 Nxb2+ 31. Kc2 Nc4 32. Rfxf7 Ne3+ 33. Kxd2 Rad8+ 34. Rfd7 Rxd7+ 35. Rxd7 Nc4+ 36. Kc3 Ne5 37. Bb3+ Kh8 38. Rc7 h5 39. Nd6 Rf8 40. Nf7+ Kh7 41.
Nxe5 hxg4 42. hxg4 Rf4 43. Bc2+ Kh6 44. Bf5 b5 45. Rc6+ Kg5 46. Rg6+ Kh4 47. Rxg7 b4+ 48. axb4 axb4+ 49. Kb3 Rf2 50. Kxb4 Kg3 51. Kc5 Kf4 52. Nd3+ Kg3 53. Nxf2 Kxf2 54. g5 Ke3 55. g6 1-0

[Event "Late-Titled-Tuesday-Blitz-March-12-2024"]
[Site "Chess.com"]
[Date "2024.03.12"]
[Round "8"]
[White "finec2"]
[Black "NovakRatko"]
[Result "0-1"]
[WhiteElo "2208"]
[BlackElo "2413"]
[TimeControl "180+1"]
[EndTime "15:27:38 PDT"]
[Termination "NovakRatko won by resignation"]

1. e4 d5 2. exd5 c6 3. dxc6 Nxc6 4. Nf3 e5 5. d3 Bc5 6. Be2 f5 7. O-O Nf6 8. Bg5 O-O 9. Nc3 Be6 10. Re1 Qb6 11.
Na4 Bxf2+ 12. Kf1 Qa5 13. Kxf2 Qxa4 14. Bxf6 Rxf6 15. Kg1 Rd8 16. c3 Qb5 17. Qc2 h6 18. Kh1 Qc5 19. Bf1 g5 20. Rad1 g4 21. Nxe5 Nb4 22. Qa4 Nxa2 23. d4 Qb6 24. Bc4 Qxb2 25. Qxa2 Qxa2 26. Bxa2 Bxa2 27. Ra1 Bd5 28. Rxa7 Rc8 29.
Rc1 h5 30. Kg1 f4 31. Kf2 f3 32. gxf3 Bxf3 33. Ke3 Bd5 34. c4 Rb6 35. Rc3 Rb1 36.
Kd2 Rb2+ 37. Ke3 Rxh2 38. c5 Rh3+ 39. Kd2 Rxc3 40. Kxc3 g3 41. Ra1 h4 42. Ng4 Rf8 43.
Ne3 Rf3 44. Kd2 Bc6 45. Ke2 Rf2+ 46. Kd3 Bb5+ 47. Ke4 g2 48. Rg1 h3 49. Ng4 h2 50.
Nxh2 Bc6+ 51. Ke3 Rb2 52. Nf3 Rb3+ 53. Ke2 Rxf3 0-1

[Event "Late-Titled-Tuesday-Blitz-March-12-2024"]
[Site "Chess.com"]
[Date "2024.03.12"]
[Round "8"]
[White "ThaBarWa"]
[Black "santosalberto1987"]
[Result "0-1"]
[WhiteElo "2359"]
[BlackElo "2531"]
[TimeControl "180+1"]
[EndTime "15:27:38 PDT"]
[Termination "santosalberto1987 won on time"]

1. d4 Nf6 2. c4 d6 3. Nc3 e5 4. d5 e4 5. Bg5 Bf5 6. Qb3 b6 7. e3 Nbd7 8. Nge2 h6 9. Bxf6 Nxf6 10. c5 dxc5 11. Ng3 Bh7 12. Bb5+ Nd7 13. Ncxe4 Bd6 14. Nxd6+ cxd6 15. Qc3 O-O 16. Nh5 Ne5 17. O-O Qh4 18. Be2 Bg6 19. Nf4 Bh7 20. Nh5 f6 21. g3 Qh3 22.
Nf4 Qd7 23. Ne6 Rf7 24. f4 Ng6 25. e4 f5 26. exf5 Rxf5 27. Rad1 Rf7 28. Bg4 Qa4 29.
Qb3 Qxb3 30. axb3 Nf8 31. f5 Nd7 32. Bh3 Ne5 33. g4 Kh8 34. Rfe1 Bg8 35. Kg2 Rf6 36. Kg3 a5 37. Bg2 g6 38. Rxe5 dxe5 39. Be4 gxf5 40. gxf5 Bxe6 41. dxe6 Rg8+ 42. Kf3 Rgf8 43. Rd5 Rxe6 44.
Ke3 Re7 45. Rd6 Kg7 46. Rxb6 Rf6 47. Rb8 Rd7 48. Rb5 Rd4 49. Rxc5 Rb4 50. Rxe5 Rxb3+ 51. Kf4 Rxb2 52. Rxa5 Rxh2 53. Ra7+ Rf7 54. Ra6 Rf2+ 55. Ke5 Re7+ 56. Kd5 Rd2+ 0-1

[Event "Late-Titled-Tuesday-Blitz-March-12-2024"]
[Site "Chess.com"]
[Date "2024.03.12"]
[Round "8"]
[White "Inepton_Fermion"]
[Black "ChessFanNM"]
[Result "1-0"]
[WhiteElo "2458"]
[BlackElo "2255"]
[TimeControl "180+1"]
[EndTime "15:27:39 PDT"]
[Termination "Inepton_Fermion won by resignation"]

1. Nf3 d5 2. b3 Nf6 3. Bb2 Bf5 4. e3 e6 5. d4 Be7 6. Bd3 O-O 7. O-O c6 8. c4 a5 9. Nc3 Nbd7 10.
Bxf5 exf5 11. Qd3 g6 12. Rac1 Qb6 13. Ne5 Rfd8 14. Nf3 Qa6 15. Rfd1 Ne4 16. cxd5 Nxc3 17. Qxa6 Rxa6 18. Rxc3 cxd5 19. Rc7 Rc6 20. Rc1 Rxc1+ 21. Bxc1 Bd6 22. Rxb7 Rc8 23. Bd2 Nf6 24. Bxa5 Ne4 25.
Be1 Rc1 26. Kf1 f4 27. Rb5 fxe3 28. fxe3 Ra1 29. a4 g5 30. Rxd5 g4 31. Ng5 Bb4 32. Nxe4 Bxe1 33. Nf6+ Kg7 34. Nxg4 Bg3+ 35. Ke2 Ra2+ 36.
Kf3 Be1 37. Rg5+ Kf8 38. Rb5 h5 39. Ne5 Rf2+ 40. Ke4 h4 41. Rb7 Bc3 42. h3 Rxg2 43.
Rxf7+ Kg8 44. Rf4 Be1 45. Rg4+ Rxg4+ 46. Nxg4 Kf7 47. Kd5 Kg6 48. e4 Kg5 49. e5 Kf4 50. e6 Bb4 51. Ne5 Kg3 52. Ng6 Kxh3 53. Nxh4 Kxh4 54. Kc6 Kg5 55. Kd7 Kf6 56. d5 Ba3 57. a5 Ke5 58. a6 Kxd5 59. a7 Bc5 60. a8=Q+ 1-0

[Event "Late-Titled-Tuesday-Blitz-March-12-2024"]
[Site "Chess.com"]
[Date "2024.03.12"]
[Round "8"]
[White "janhelmer03"]
[Black "LeoWin2012"]
[Result "1-0"]
[WhiteElo "2400"]
[BlackElo "2194"]
[TimeControl "180+1"]
[EndTime "15:27:40 PDT"]
[Termination "janhelmer03 won on time"]

1. Nf3 d6 2. d4 g6 3. e4 Bg7 4. Nc3 Nd7 5. Be3 c6 6. Qd2 b5 7. Bd3 Ngf6 8. h3 Bb7 9. e5 dxe5 10. dxe5 Ng8 11. e6 fxe6 12. Ng5 Nf8 13. O-O Nf6 14.
Rad1 Nd5 15. Bc5 Nxc3 16. bxc3 Qd5 17. Qe3 Qe5 18. Qxe5 Bxe5 19. Rfe1 Bf6 20. Nxe6 Nxe6 21. Rxe6 Kf7 22. Rde1 Rhe8 23. c4 a6 24. g4 Bc8 25.
Rxc6 Bd7 26. Rc7 Rac8 27. Rxd7 Rxc5 28. cxb5 axb5 29. Rb7 Ra8 30. Rxb5 Rxb5 31. Bxb5 Ra3 32. Bc4+ Ke8 33. Bb3 Ra5 34. Kg2 Kd7 35. f4 g5 36.
f5 Kc7 37. Kf3 Rc5 38. Re4 Rc3+ 39. Re3 Rxe3+ 40. Kxe3 Kb6 41. Ke4 Kc5 42. a4 Bc3 43. Kd3 Be5 44. a5 Kb5 45. Ke4 Bf6 46. Kd5 Kxa5 47.
Ke6 Kb4 48. Kf7 Kc5 49. Kg8 h6 50. Kh7 Kd4 51. Kxh6 Ke3 52. h4 gxh4 53. g5 Be5 54.
g6 h3 55. g7 h2 56. Bd5 Kd4 57. g8=Q Bf4+ 58. Kh5 1-0